 Dungeon Crawl Stone Soup version 0.28-a0-1234-g826d19b2e0 (webtiles) character file.

Game seed: 4713835277392617863

327534 SnakkuSnakku7 the Shatterer (level 21, -8/213 HPs)
             Began as an Ogre Gladiator on Dec 23, 2021.
             Was the Champion of Hepliaklqana.
             Mangled by Mennas (12 damage)
             ... on level 4 of the Vaults.
             The game lasted 01:57:23 (63556 turns).

SnakkuSnakku7 the Shatterer (Ogre Gladiator)       Turns: 63556, Time: 01:57:23

Health: -8/213     AC: 13    Str: 32    XL:     21   Next: 67%
Magic:  28/28      EV: 18    Int:  9    God:    Hepliaklqana [******]
Gold:   3953       SH:  5    Dex: 16    Spells: 20/20 levels left

rFire   + . .      SeeInvis .   a - +8 giant spiked club (vamp)
rCold   . . .      Faith    .   (shield currently unavailable)
rNeg    + . .      Spirit   .   O - +0 swamp dragon scales
rPois   +          Reflect  +   c - +2 hat
rElec   .          Harm     .   A - scarf {repulsion}
rCorr   .          Rampage  .   (gloves unavailable)
Will    +++..                   (boots unavailable)
Stlth   +.........              J - amulet of reflection
HPRegen 0.45/turn               V - ring "Molimmy" {rF+ Str+6}
MPRegen 0.21/turn               s - ring "Zerytwup" {rN+ Will+ EV+4}

@: about to teleport, on berserk cooldown, slowed, glowing, silenced, repel
missiles, very slow
A: reduced essence, large, unfitting armour, tough skin 1
}: 2/15 runes: decaying, gossamer
a: Renounce Religion


You were on level 4 of the Vaults.
You worshipped Hepliaklqana.
Hepliaklqana was exalted by your worship.
You visited 6 branches of the dungeon, and saw 35 of its levels.
You also visited: Wizlab.

You collected 4792 gold pieces.
You spent 839 gold pieces at shops.

Inventory:

Hand Weapons
 a - a +8 vampiric giant spiked club (weapon)
Missiles
 B - 7 throwing nets
 H - 40 large rocks (quivered)
Armour
 c - a +2 hat (worn)
 t - a +0 troll leather armour
 A - a scarf of repulsion (worn)
 C - +0 acid dragon scales
 N - a +2 robe of resistance
 O - +0 swamp dragon scales (worn)
Jewellery
 s - the ring "Zerytwup" (right hand) {rN+ Will+ EV+4}
   (You acquired it on level 9 of the Dungeon)

   [ring of evasion]

   EV:        It affects your evasion (+4).
   rN:        It protects you from negative energy.
   Will:      It increases your willpower.
 w - an amulet of the acrobat
 I - a ring of poison resistance
 J - an amulet of reflection (around neck)
 R - a ring of wizardry
 V - the ring "Molimmy" (left hand) {rF+ Str+6}
   (You found it on level 1 of the Swamp)

   [ring of strength]

   Str:       It affects your strength (+6).
   rF:        It protects you from fire.
 Y - a ring of willpower
Wands
 b - a wand of paralysis (21)
 k - a wand of mindburst (12)
 m - a wand of acid (7)
 n - a wand of charming (7)
 q - a wand of digging (4)
 G - a wand of polymorph (13)
 L - a wand of flame (9)
 P - a wand of iceblast (12)
Scrolls
 e - 3 scrolls of vulnerability
 o - 3 scrolls of teleportation
 u - 4 scrolls of enchant armour
 x - 2 scrolls of summoning
 y - 2 scrolls of fog
 Q - a scroll of silence
 T - a scroll of holy word
 Z - 2 scrolls of fear
Potions
 d - 2 potions of haste
 h - 4 potions of cancellation
 i - 3 potions of mutation
 j - 9 potions of might
 l - 3 potions of invisibility
 p - a potion of berserk rage
 r - 4 potions of resistance
 v - a potion of curing
 D - 2 potions of brilliance
 E - 6 potions of ambrosia
 F - 6 potions of flight
 S - a potion of attraction
 W - 2 potions of magic
Miscellaneous
 f - a tin of tremorstones (2/2)
 g - a box of beasts (inert)
 K - a lightning rod (4/4)
 M - a phial of floods
 X - a condenser vane (inert)


   Skills:
 - Level 20.0 Fighting
 - Level 6.0 Long Blades
 - Level 22.0 Maces & Flails
 - Level 9.7 Throwing
 - Level 12.0 Armour
 + Level 11.0 Dodging
 - Level 10.0 Invocations
 - Level 12.0 Evocations


You had 20 spell levels left.
You didn't know any spells.
Your spell library contained the following spells:

 Spells                   Type           Power      Damage    Failure   Level
 Animate Skeleton         Necr           0%         N/A       45%         1
 Apportation              Tloc           0%         N/A       45%         1
 Magic Dart               Conj           0%         1d3       45%         1
 Sandblast                Erth           0%         2d4       45%         1
 Slow                     Hex            0%         N/A       45%         1
 Summon Small Mammal      Summ           0%         N/A       45%         1
 Call Imp                 Summ           0%         N/A       61%         2
 Corpse Rot               Necr/Air       0%         N/A       61%         2
 Passwall                 Tmut/Erth      0%         N/A       61%         2
 Searing Ray              Conj           0%         2d4       61%         2
 Sublimation of Blood     Necr           0%         N/A       61%         2
 Call Canine Familiar     Summ           0%         N/A       83%         3
 Confusing Touch          Hex            0%         N/A       83%         3
 Frozen Ramparts          Ice            0%         1d2       83%         3
 Mephitic Cloud           Conj/Pois/Air  0%         N/A       83%         3
 Stone Arrow              Conj/Erth      0%         3d7       83%         3
 Summon Guardian Golem    Hex/Summ       0%         N/A       83%         3
 Swiftness                Air            0%         N/A       83%         3
 Vampiric Draining        Necr           0%         2d6       83%         3
 Animate Dead             Necr           0%         N/A       99%         4
 Dispel Undead            Necr           0%         3d6       99%         4
 Fulminant Prism          Conj/Hex       0%         3d6       99%         4
 Ice Form                 Ice/Tmut       0%         N/A       99%         4
 Petrify                  Tmut/Erth      0%         N/A       99%         4
 Summon Ice Beast         Ice/Summ       0%         N/A       99%         4
 Agony                    Necr           0%         N/A       100%        5
 Alistair's Intoxication  Tmut/Pois      0%         N/A       100%        5
 Fireball                 Conj/Fire      0%         3d3       100%        5
 Irradiate                Conj/Tmut      0%         3d13      100%        5
 Iskenderun's Battlesphe  Conj           0%         2d6       100%        5
 Summon Forest            Summ/Tloc      0%         N/A       100%        5
 Death Channel            Necr           0%         N/A       100%        6
 Dispersal                Tloc           0%         N/A       100%        6
 Eringya's Noxious Bog    Tmut/Pois      0%         N/A       100%        6
 Iron Shot                Conj/Erth      0%         9d1       100%        6
 Starburst                Conj/Fire      0%         6d3       100%        6
 Haunt                    Necr/Summ      0%         N/A       100%        7
 Spellforged Servitor     Conj/Summ      0%         N/A       100%        7
 Summon Hydra             Summ           0%         N/A       100%        7
 Disjunction              Tloc           0%         N/A       100%        8
 Ignition                 Fire           0%         3d3       100%        8
 Infestation              Necr           0%         N/A       100%        8
 Death's Door             Necr           0%         N/A       100%        9


Dungeon Overview and Level Annotations

Branches:
Dungeon (15/15)            Temple (0/1) D:5            Lair (6/6) D:10
  Swamp (4/4) Lair:4       Spider (4/4) Lair:3        Slime (0/5) Lair:6
    Orc (2/2) D:12            Elf (0/3) Orc:2        Vaults (4/5) D:14
  Crypt (0/3) Vaults:3     Depths (0/4) D:15         WizLab (visited)

Altars:
Ashenzari
Cheibriados
Dithmenos
Elyvilon
Hepliaklqana
Kikubaaqudgha
Nemelex Xobeh
Okawaru
Qazlal
Uskayaw
Vehumet
Wu Jian
Xom
The Shining One
Beogh

Shops:
Orc:2 [*(:   Vaults:1 (   Vaults:3 *   Vaults:4 *

Annotations:
Lair:5 1 runed translucent door, Isouggaj's ghost, journeyman BaIE
Lair:6 exclusion: oklob plant
Swamp:3 Roxanne
Vaults:4 Mennas


Innate Abilities, Weirdness & Mutations

Your life essence is reduced to manifest your ancestor. (-10% HP)
You are too large for most types of armour.
You have tough skin. (AC +1)


Message History

* * * LOW HITPOINT WARNING * * *
Mennas hits you with a +3 sacred scourge of holy wrath!
* * * LOW HITPOINT WARNING * * *
Rawket Lawnchair hits Mennas but does no damage.
Mennas closely misses you. Mennas completely misses you.
Mennas blocks your mature batsting beast's attack.
Mennas becomes audible again.
Mennas blocks Rawket Lawnchair's attack.
Your mature batsting beast stings Mennas from afar!
Mennas gestures frantically.
You are confused.
Rawket Lawnchair resists with almost no effort.
Your mature batsting beast appears confused.
Mennas blocks Rawket Lawnchair's attack.
Rawket Lawnchair points at Mennas and mumbles some strange words.
Mennas resists with almost no effort.
There is an open door here.
You are too confused!
You feel better.
Your mature batsting beast hits Rawket Lawnchair!!
Your mature batsting beast stings Rawket Lawnchair.
Mennas misses you.
Mennas hits you with a +3 sacred scourge of holy wrath!
* * * LOW HITPOINT WARNING * * *
Rawket Lawnchair hits Mennas but does no damage.
Mennas hits you with a +3 sacred scourge of holy wrath.
* * * LOW HITPOINT WARNING * * *
Mennas hits you with a +3 sacred scourge of holy wrath.
* * * LOW HITPOINT WARNING * * *
As you read the scroll of teleportation, it crumbles to dust.
You feel strangely unstable.
Rawket Lawnchair gestures wildly while chanting.
Mennas resists with almost no effort.
Mennas gestures frantically.
Mennas's surroundings become eerily quiet.
Mennas blocks Rawket Lawnchair's attack.
Mennas hits you with a +3 sacred scourge of holy wrath.
* * * LOW HITPOINT WARNING * * *
Mennas hits you with a +3 sacred scourge of holy wrath!
You die...

#..............#........#..[#
#..............#........#...#
#..............#........'...#
#..............#........#...#
...............#.......(#...#
......(........###'######...#
............................#
............................#
'##+############@############
......##..,#...#A..#
......##...#...#R..#
......##...##.##...#
......#***#.)...####
pR....#*,,#.)..H#,,*
......##...........#********
....p.##..#.....#..'...,,,,*
####''###*#.....####...,,,,*


You could see the friendly Rawket Lawnchair the hexer (fast), Mennas (silencing,
ally target) and a friendly mature batsting beast (summoned, confused).

Vanquished Creatures
  Mara (Swamp:4)
  Margery (Vaults:4)
  5 thorn hunters
  Donald (Vaults:4)
  A fenstrider witch (Swamp:2)
  14 vault wardens
  3 ghost moths
  4 orc warlords
  Louise (D:15)
  5 emperor scorpions
  The ghost of Qoqufel the Bludgeoner, a journeyman GrFi of Okawaru (Spider:2)
  20 ironbound preservers
  7 ironbound thunderhulks
  5 very ugly things
  2 stone giants (Vaults:1)
  6 eleionomae
  7 bunyips
  The ghost of Juomar the Eclecticist, a journeyman DECj of Vehumet (D:14)
  16 dire elephants
  4 spark wasps
  6 entropy weavers
  An ettin (Orc:2)
  2 green deaths (Swamp:4)
  2 crystal guardians (Vaults:1)
  A spectral quicksilver dragon (D:14)
  2 shambling mangroves
  3 great orbs of eyes
  3 yaktaur captains
  8 vault guards
  2 hell beasts (Swamp:4)
  17 hydras
  A caustic shrike simulacrum (D:14)
  2 spectral stone giants (D:14)
  2 ogre magi
  2 ghost crabs
  5 boulder beetles
  4 two-headed ogres
  7 alligators
  2 catoblepae (Lair:6)
  6 ironbound frosthearts
  19 centaur warriors
  2 tengu warriors
  An orc high priest (Orc:2)
  14 death yaks
  A thrashing horror (Swamp:4)
  A titan zombie (D:15)
  A spriggan berserker (Swamp:2)
  Sonja (Lair:2)
  A deep elf knight (Spider:3)
  4 hell knights (Vaults:4)
  A spectral spriggan (D:14)
  A fire crab (shapeshifter) (D:14)
  4 skeletal warriors
  A spectral spark wasp (D:14)
  4 goliath frogs
  A death drake (Swamp:3)
  4 spriggan druids
  8 wizards
  53 deep trolls
  A shadow dragon zombie (D:14)
  7 swamp dragons
  An obsidian statue (D:11)
  2 tengu zombies
  A deep elf archer (Spider:3)
  13 ironbound convokers
  3 harpies (Vaults:3)
  4 bog bodies
  A necromancer (D:15)
  10 orc knights
  20 orb spiders
  A phantasmal warrior (D:15)
  A stone giant zombie (D:15)
  15 lindwurms
  4 deep elf pyromancers
  36 ugly things
  26 wolf spiders
  3 tengu skeletons (Vaults:3)
  4 orc sorcerers
  2 will-o-the-wisps (Swamp:4)
  6 cyclopes
  A sphinx skeleton (Vaults:3)
  2 oklob plants (Swamp:3)
  3 manticores
  A frost giant skeleton (Vaults:3)
  12 elephants
  5 black mambas
  A stone giant skeleton (Vaults:3)
  4 centaur zombies
  16 vault sentinels
  2 orange demons (Swamp:4)
  4 cane toads
  2 gargoyles
  2 torpor snails
  6 komodo dragons
  2 kobold demonologists (D:11)
  13 demonic crawlers
  4 tengu conjurers
  17 yaktaurs
  4 trolls
  3 elf skeletons (Vaults:3)
  5 human skeletons (Vaults:3)
  33 jumping spiders
  2 polar bears
  3 meliai
  A hydra zombie (Swamp:4)
  A wolf spider simulacrum (D:14)
  A meliai (shapeshifter) (D:15)
  2 large abominations (Swamp:4)
  Grinder (D:4)
  3 tyrant leeches
  10 hornets
  31 slime creatures
  8 blink frogs
  A raiju (Spider:3)
  A dream sheep (shapeshifter) (D:14)
  A frost giant simulacrum (D:14)
  A hexer (Vaults:3)
  4 shadows
  A wraith (D:11)
  61 redbacks
  21 tarantellas
  A spriggan skeleton (D:15)
  2 vampires
  2 ettin skeletons (Vaults:3)
  43 yaks
  6 wyverns
  6 basilisks
  A fire bat (D:14)
  2 steam dragons
  18 vampire mosquitoes
  4 wargs
  5 acid dragons
  14 swamp worms
  11 water moccasins
  A swamp drake (Swamp:3)
  6 black bears
  25 orc warriors
  4 sky beasts
  14 ogres
  A necrophage (D:7)
  A tengu (D:14)
  39 wolves
  3 boggarts (Vaults:2)
  16 centaurs
  A phantom (D:4)
  A kobold brigand (D:8)
  A gnoll sergeant (D:7)
  15 bullfrogs
  2 scorpions
  4 wyvern skeletons
  11 killer bees
  13 wights
  6 howler monkeys
  A bullfrog zombie (D:5)
  A jelly (D:6)
  4 hounds
  12 orc priests
  A gnoll shaman (D:8)
  An iron imp (D:7)
  A centaur skeleton (D:4)
  Natasha (thrice) (D:2)
  An ancestor (D:8)
  An iguana (D:7)
  25 orc wizards
  A hound skeleton (D:4)
  A howler monkey zombie (D:9)
  9 gnolls (D:8)
  13 adders
  An ufetubus (D:6)
  2 adder skeletons (D:4)
  2 worms (D:2)
  2 dart slugs (D:1)
  56 orcs
  9 endoplasms
  2 giant cockroaches (D:2)
  7 goblins
  6 hobgoblins
  4 jackals
  5 quokkas
  9 ball pythons
  8 bats
  3 frilled lizards (D:3)
  9 kobolds
  6 rats
  7 briar patches
  2 fungi (Swamp:3)
1256 creatures vanquished.

Vanquished Creatures (collateral kills)
  Jorgrun (Orc:2)
  Aizul (Spider:1)
  An emperor scorpion (Spider:1)
  2 very ugly things (Vaults:3)
  An ironbound thunderhulk (D:14)
  2 dire elephants (Vaults:1)
  A spriggan air mage (Swamp:3)
  5 hydras
  A peacekeeper (Vaults:1)
  2 centaur warriors
  A catoblepas (Lair:6)
  5 two-headed ogres
  2 death yaks
  A tengu warrior (D:13)
  3 deep trolls
  A bog body (Swamp:2)
  11 wolf spiders
  A manticore (Lair:6)
  3 ugly things (Vaults:4)
  An elephant (Lair:5)
  A vault sentinel (Vaults:3)
  2 cane toads (Lair:4)
  A rime drake (Lair:6)
  A komodo dragon (Lair:2)
  2 demonic crawlers
  2 trolls
  A polar bear (Lair:4)
  2 slime creatures (Vaults:2)
  4 jumping spiders
  8 redbacks
  2 spriggans (Swamp:1)
  A wyvern (Lair:4)
  7 yaks
  A vampire (D:11)
  7 tarantellas
  A warg (Orc:1)
  3 vampire mosquitoes (D:14)
  4 swamp worms
  3 water moccasins
  An orc warrior (D:12)
  A black bear (Lair:3)
  An ice beast (D:7)
  A boggart (Vaults:1)
  2 wolves (Lair:4)
  4 centaurs
  A bullfrog (Lair:3)
  A wight (D:10)
  An orc priest (D:11)
  A centaur skeleton (D:7)
  5 orc wizards
  10 orcs
  A kobold (D:8)
129 creatures vanquished.

Vanquished Creatures (others)
  A two-headed ogre (D:10)
  3 bloated husks
  A redback (Spider:1)
  A tarantella (Spider:2)
  A wolf (Lair:4)
  57 hexers
  8 ancestors
  An orc wizard (D:13)
  A briar patch (Swamp:1)
  2 foxfires (Swamp:4)
  38 fungi
  79 plants
193 creatures vanquished.

Grand Total: 1578 creatures vanquished

Notes
Turn   | Place    | Note
-------+----------+-------------------------------------------
     0 | D:1      | SnakkuSnakku7 the Ogre Gladiator began the quest for the
                  | Orb.
     0 | D:1      | Reached XP level 1. HP: 22/22 MP: 1/1
   210 | D:1      | Reached XP level 2. HP: 31/31 MP: 2/2
   553 | D:1      | Reached XP level 3. HP: 34/39 MP: 3/3
  1172 | D:2      | Noticed Natasha
  1180 | D:2      | Killed Natasha
  1181 | D:2      | Reached XP level 4. HP: 48/48 MP: 4/4
  1380 | D:2      | Noticed Natasha
  1391 | D:2      | Killed Natasha
  1392 | D:2      | Reached XP level 5. HP: 35/54 MP: 5/5
  1501 | D:2      | Noticed Natasha
  1506 | D:2      | Killed Natasha
  2221 | D:3      | Reached skill level 5 in Long Blades
  2221 | D:3      | Reached XP level 6. HP: 33/62 MP: 6/6
  2754 | D:3      | Found a hazy altar of Hepliaklqana.
  2782 | D:3      | Became a worshipper of Hepliaklqana the Forgotten
  2958 | D:3      | Reached skill level 1 in Maces & Flails
  3004 | D:3      | Found a faded altar of an unknown god.
  3318 | D:4      | Reached XP level 7. HP: 39/70 MP: 7/7
  4064 | D:4      | Noticed Grinder
  4070 | D:4      | Paralysed by Grinder for 4 turns
  4079 | D:4      | Killed Grinder
  4080 | D:4      | Reached skill level 5 in Fighting
  4080 | D:4      | Reached skill level 2 in Maces & Flails
  4128 | D:4      | Reached skill level 3 in Maces & Flails
  4693 | D:4      | Reached XP level 8. HP: 63/84 MP: 8/8
  4833 | D:5      | Entered Level 5 of the Dungeon
  5115 | D:4      | Reached skill level 4 in Maces & Flails
  5666 | D:5      | Reached skill level 5 in Maces & Flails
  6003 | D:5      | Found a staircase to the Ecumenical Temple.
  6026 | D:5      | You fall into a shaft and drop 1 floor!
  6049 | D:5      | Found a broken altar of Ashenzari.
  6071 | D:5      | Reached skill level 6 in Maces & Flails
  6356 | D:5      | Reached XP level 9. HP: 34/96 MP: 9/9
  6604 | D:5      | Found a sparkling altar of Nemelex Xobeh.
  6994 | D:5      | Identified the +3 leather armour of the Game of Kings
                  | {Int+2}
  7089 | D:5      | Reached skill level 7 in Maces & Flails
  7660 | D:6      | Found a shadowy altar of Dithmenos.
  7661 | D:6      | Noticed a cyclops
  9056 | D:7      | Reached * piety under Hepliaklqana
  9069 | D:7      | Reached skill level 8 in Maces & Flails
  9529 | D:7      | Found a radiant altar of Vehumet.
  9949 | D:7      | Reached skill level 9 in Maces & Flails
 10483 | D:7      | Found a snail-covered altar of Cheibriados.
 10630 | D:7      | Reached XP level 10. HP: 58/93 MP: 10/10
 10656 | D:7      | Reached skill level 10 in Maces & Flails
 11340 | D:8      | Found an ornate altar of the Wu Jian Council.
 11938 | D:8      | Reached skill level 11 in Maces & Flails
 12168 | D:8      | Found a stormy altar of Qazlal.
 12581 | D:8      | Found a white marble altar of Elyvilon.
 13316 | D:9      | Found a hide-covered altar of Uskayaw.
 13379 | D:9      | Noticed a gargoyle
 14509 | D:6      | Killed a cyclops
 14510 | D:6      | Reached skill level 12 in Maces & Flails
 15303 | D:9      | Killed a gargoyle
 15408 | D:9      | Reached XP level 11. HP: 88/99 MP: 11/11
 15534 | D:9      | Reached skill level 5 in Throwing
 16268 | D:9      | Found an iron altar of Okawaru.
 16300 | D:10     | Entered Level 10 of the Dungeon
 16340 | D:10     | Found a staircase to the Lair.
 16669 | D:10     | Found a glowing golden altar of the Shining One.
 16715 | D:10     | Reached skill level 13 in Maces & Flails
 17433 | D:10     | Reached ** piety under Hepliaklqana
 17625 | D:10     | Noticed a two-headed ogre
 17625 | D:10     | Noticed a two-headed ogre
 17625 | D:10     | Noticed an ogre mage
 17652 | D:9      | Identified 2 scrolls of acquirement
 17652 | D:9      | Acquired the ring "Zerytwup" {rN+ Will+ EV+4}
 17655 | D:9      | Acquired 961 gold pieces
 17843 | Lair:1   | Entered Level 1 of the Lair of Beasts
 18239 | Lair:1   | Reached skill level 14 in Maces & Flails
 18436 | Lair:1   | Remembered your ancestor Rawket Lawnchair as a hexer
 19076 | Lair:2   | Reached skill level 1 in Evocations
 19215 | Lair:2   | Noticed Sonja
 19219 | Lair:2   | Killed Sonja
 19220 | Lair:2   | Reached XP level 12. HP: 107/107 MP: 12/12
 19263 | Lair:2   | Noticed a six-headed hydra
 19271 | Lair:2   | Killed a six-headed hydra
 19611 | Lair:3   | Reached *** piety under Hepliaklqana
 19627 | Lair:3   | Found a hole to the Spider Nest.
 19665 | Lair:3   | Noticed a death yak
 19666 | Lair:3   | Noticed a death yak
 19666 | Lair:3   | Noticed a death yak
 19666 | Lair:3   | Noticed a death yak
 19705 | Lair:3   | Noticed an eight-headed hydra
 19777 | Lair:3   | Found an ornate altar of the Wu Jian Council.
 20101 | Lair:3   | Noticed a four-headed hydra
 20105 | Lair:3   | Killed a four-headed hydra
 20106 | Lair:3   | Reached skill level 15 in Maces & Flails
 20420 | Lair:3   | Killed a death yak
 20434 | Lair:2   | Killed a death yak
 20575 | Lair:3   | Killed a death yak
 20576 | Lair:3   | Reached skill level 5 in Evocations
 20589 | Lair:3   | Killed a death yak
 21447 | Lair:4   | Noticed a six-headed hydra
 21455 | Lair:4   | Killed a six-headed hydra
 21690 | Lair:4   | Found a staircase to the Swamp.
 21735 | Lair:4   | Reached XP level 13. HP: 57/114 MP: 13/13
 22077 | Lair:4   | Reached skill level 16 in Maces & Flails
 22085 | Lair:4   | Reached **** piety under Hepliaklqana
 22238 | Lair:4   | Reached skill level 5 in Dodging
 24201 | Lair:5   | Reached skill level 17 in Maces & Flails
 24316 | Lair:5   | Found a runed translucent door.
 24316 | Lair:5   | Found a shimmering altar of Xom.
 24316 | Lair:5   | Noticed Isouggaj's ghost (journeyman BaIE)
 24736 | Lair:6   | Entered Level 6 of the Lair of Beasts
 25044 | Lair:5   | Reached XP level 14. HP: 70/122 MP: 14/14
 25744 | Lair:6   | Reached ***** piety under Hepliaklqana
 26416 | Lair:6   | Found a staircase to the Slime Pits.
 26578 | Lair:6   | Reached skill level 18 in Maces & Flails
 26979 | Lair:6   | Got the Papyrus of the Mutagenic Entourage
 27649 | D:11     | Found the +0 pair of fencer's gloves {Riposte Dex+3}
 28362 | D:11     | Reached skill level 10 in Fighting
 29523 | D:12     | Found a staircase to the Orcish Mines.
 30037 | D:12     | Reached skill level 19 in Maces & Flails
 30043 | D:12     | Reached XP level 15. HP: 109/138 MP: 15/15
 30417 | Orc:1    | Entered Level 1 of the Orcish Mines
 30542 | Orc:1    | You fall into a shaft and drop 1 floor!
 30542 | Orc:2    | Entered Level 2 of the Orcish Mines
 30649 | Orc:2    | Found a staircase to the Elven Halls.
 30964 | Orc:2    | Noticed an orc warlord
 30979 | Orc:2    | Killed an orc warlord
 31702 | Orc:2    | Found Zolla's Antique Weapon Shop.
 31715 | Orc:2    | Found Wuazez's Antique Armour Shop.
 31748 | Orc:2    | Found Pid Yryppy's Book Shop.
 31923 | Orc:2    | Noticed Jorgrun
 31947 | Orc:2    | Killed Jorgrun
 32048 | Orc:2    | Reached ****** piety under Hepliaklqana
 32122 | Orc:2    | Found Daasaquwo's General Store.
 32128 | Orc:2    | Bought a potion of invisibility for 120 gold pieces
 32128 | Orc:2    | Bought a potion of invisibility for 120 gold pieces
 32128 | Orc:2    | Bought a potion of ambrosia for 120 gold pieces
 32128 | Orc:2    | Bought a wand of iceblast (4) for 120 gold pieces
 32987 | D:13     | Identified the +2 robe "Reygujoo" {Str+3 Int+5}
 33530 | D:14     | Found a gate to the Vaults.
 34029 | D:14     | Reached skill level 20 in Maces & Flails
 34475 | D:14     | Reached skill level 15 in Fighting
 34517 | D:14     | Found a runed translucent gate.
 34517 | D:14     | Found a runed translucent gate.
 34517 | D:14     | Found a runed translucent gate.
 34522 | D:14     | Noticed Juomar's ghost (journeyman DECj)
 34699 | D:14     | Reached XP level 16. HP: 149/151 MP: 16/16
 34721 | D:14     | Killed Juomar's ghost
 34811 | D:15     | Entered Level 15 of the Dungeon
 35064 | D:15     | Found a staircase to the Depths.
 35097 | D:15     | Noticed Louise
 35122 | D:15     | Killed Louise
 35561 | D:15     | Reached skill level 21 in Maces & Flails
 36733 | Spider:1 | Entered Level 1 of the Spider Nest
 36777 | Spider:1 | Reached skill level 1 in Invocations
 38337 | Spider:1 | Noticed Aizul
 38359 | Spider:1 | Killed Aizul
 39479 | Spider:1 | Reached skill level 5 in Invocations
 40800 | Spider:1 | Reached XP level 17. HP: 75/165 MP: 21/21
 41834 | Spider:1 | Reached skill level 22 in Maces & Flails
 42627 | Spider:2 | Found a runed translucent gate.
 42627 | Spider:2 | Found a runed translucent gate.
 42627 | Spider:2 | Found a runed translucent gate.
 42627 | Spider:2 | Noticed Qoqufel's ghost (journeyman GrFi)
 42893 | Spider:2 | Killed Qoqufel's ghost
 44141 | Spider:4 | Entered Level 4 of the Spider Nest
 46826 | Spider:4 | Reached skill level 10 in Invocations
 47634 | Spider:4 | Reached skill level 1 in Armour
 47777 | Spider:4 | Reached XP level 18. HP: 161/173 MP: 0/25
 48349 | Spider:4 | Got a gossamer rune of Zot
 48538 | Lair:3   | Upgraded the game from 0.28-a0-1227-ga9037bb4c8 to
                  | 0.28-a0-1234-g826d19b2e0
 48585 | Swamp:1  | Entered Level 1 of the Swamp
 48601 | Swamp:1  | Reached skill level 5 in Armour
 49128 | Swamp:1  | Found a transporter.
 49293 | Swamp:1  | Found a transporter.
 49485 | Swamp:1  | Identified the ring "Molimmy" {rF+ Str+6}
 49493 | Swamp:1  | Identified the +0 cloak "Roomny Utes" {Slay+2 Stlth+}
 50924 | Swamp:3  | Noticed Roxanne
 52257 | Swamp:4  | Entered Level 4 of the Swamp
 52309 | Swamp:4  | Identified the +0 pair of boots of the Pirate {rPois Regen+
                  | Str-3 Int-3}
 52570 | Swamp:4  | Found an ancient bone altar of Kikubaaqudgha.
 52575 | Swamp:4  | Noticed Mara
 52666 | Swamp:4  | Killed Mara
 52813 | Swamp:4  | Got the Almanac of Reanimation Made Easy
 53026 | Swamp:4  | Reached XP level 19. HP: 189/189 MP: 26/26
 53587 | Swamp:4  | Got a decaying rune of Zot
 53987 | Vaults:1 | Entered Level 1 of the Vaults
 57269 | Vaults:1 | Found Wuar's Weapon Emporium.
 57842 | Vaults:2 | Reached XP level 20. HP: 204/205 MP: 27/27
 58002 | Vaults:2 | Reached skill level 10 in Evocations
 59813 | Vaults:3 | Found a staircase to the Crypt.
 60331 | Vaults:3 | Found Myproxeit's General Store.
 60337 | Vaults:3 | Bought a scroll of teleportation for 63 gold pieces
 60337 | Vaults:3 | Bought a potion of mutation for 168 gold pieces
 60337 | Vaults:3 | Bought a potion of might for 84 gold pieces
 60380 | Vaults:3 | Reached skill level 10 in Armour
 61176 | Vaults:4 | Reached XP level 21. HP: 213/213 MP: 28/28
 61394 | Vaults:4 | Noticed Donald
 61404 | Vaults:4 | Killed Donald
 61445 | Vaults:4 | Found a magical portal.
 61592 | WizLab   | Entered Wucad Mu's Monastery
 62089 | Vaults:4 | Found Qiedalli's General Store.
 62099 | Vaults:4 | Bought a scroll of fog for 44 gold pieces
 62705 | Vaults:4 | Reached skill level 10 in Dodging
 62915 | Vaults:4 | Noticed Margery
 62989 | Vaults:4 | Killed Margery
 63530 | Vaults:4 | Noticed Mennas
 63555 | Vaults:4 | HP: 10/213 [Mennas (6)]
 63556 | Vaults:4 | HP: 4/213 [Mennas (4)]
 63556 | Vaults:4 | Mangled by Mennas

Illustrated notes

Levels and vault maps discovered:
D:1:      saegor_arrival_simple_e, layout_basic, minmay_tromino_mix6
D:2:      minmay_chambers_of_twos, layout_basic, grunt_decor_cap, uniq_natasha
D:3:      layout_loops_ring, nicolae_hepliaklqana_hazy_memory,
          chequers_ecumenical_altar_lobes
D:4:      black_bear_nest_2, layout_basic, uniq_grinder
D:5:      layout_rooms, kennysheep_mini, ashenzari_altar_1, temple_pool_b,
          kennysheep_generic_room_2
D:6:      nicolae_whirlpool, layout_basic, nicolae_dithmenos_shadow_blocks
D:7:      layout_loops_cross, nicolae_vehumet_radiance, chei_slow_surprise,
          columned_hall_lemuel, minmay_door_square, hangedman_minor_gate_pass
D:8:      layout_basic, elyvilon_altar_1, mainiacjoe_overflow_catwalk_spiral
D:9:      layout_rooms, kennysheep_okawaru_gauntlet, nicolae_uskayaw_dance_hall
D:10:     layout_roguey, overflow_temple_1_default, lair_entry_dummy,
          dk_vineyard_2
D:11:     layout_rooms, serial_curves, eino_curves_04, eino_curves_01,
          eino_curves_02, eino_curves_01, kennysheep_cross_bottleneck,
          minmay_protected_statue
D:12:     layout_roguey, erik_orc_2
D:13:     layout_cave_pools
D:14:     layout_long_grid, lightli_vaults_fourway_checkpoint,
          gammafunk_ghost_necromancy, grunt_ministairs_9
D:15:     gammafunk_depths_entry_grave, layout_grid_maze, uniq_louise
Lair:1:   layout_cave_shapes, lemuel_fruit_fields
Lair:2:   layout_chaotic_city, uniq_sonja
Lair:3:   layout_concentric_octagons, spider_nest_entry_a, basic_altar,
          grunt_megastairs_4
Lair:4:   layout_cave_pods, minmay_swamp_entry_swarm,
          grunt_forest_large_clearings, serial_bayou_shore_a
Lair:5:   layout_regular_city, ebering_ghost_xom, grunt_megastairs_1
Lair:6:   evilmike_catoblepas_cave, layout_cave_pods,
          minmay_slime_entry_oklob_enclosed
Swamp:1:  gammafunk_worm_tunnel, layout_falls_marsh,
          evilmike_swamp_ruin_house_3, infiniplex_staircase_pool_2
Swamp:2:  layout_basic_swamp, hangedman_swamp_ruin_wall
Swamp:3:  nicolae_swamp_phyte_club, layout_falls_marsh,
          nicolae_swamp_some_circles, nicolae_swamp_soggy_hallways, uniq_roxanne
Swamp:4:  swamp_vile, layout_basic_swamp, swamp_pool4, lemuel_altar_in_water,
          hangedman_swamp_cone, nicolae_swamp_necromancy_gone_wrong, uniq_mara
Spider:1: layout_chambers, uniq_aizul
Spider:2: layout_spider_delve, ebering_ghost_rock_garden
Spider:3: layout_spider_delve, nicolae_spider_circle_web,
          beargit_elvish_explorers
Spider:4: grunt_spider_rune_parallel
Orc:1:    layout_diamond_mine
Orc:2:    grunt_orc_cross, layout_caves, uniq_jorgrun
Vaults:1: vaults_mumra_hex, v_misc_15, vaults_mumra_minichess_inversion,
          vaults_room_hallway, nicolae_vaults_diagonal_hallway_6,
          ontoclasm_vaults_twist, v_misc_24, ontoclasm_vaults_chip,
          st_smaller_cells, hangedman_vaults_corner, ontoclasm_vaults_shuriken,
          v_alt_pattern_4, v_misc_5, vaults_room_stairs_pillars, v_misc_27,
          layout_vaults_big_cross, serial_shops, shop_fountains
Vaults:2: hangedman_vaults_slither, nicolae_vaults_stairing_the_circle,
          vaults_standard_mumra_x, nicolae_vaults_little_ls,
          nicolae_vaults_twisting_passages, nicolae_vaults_ring_of_whatevers,
          nicolae_vaults_windows_and_doors_thing, layout_vaults_chaotic_city
Vaults:3: ontoclasm_vaults_spin, minmay_crypt_entry_skeletal_spiral, v_misc_14,
          vaults_standard_mumra_enter_the_diamond, nicolae_vaults_network_s,
          v_misc_33, v_misc_5, layout_vaults_quadrants, serial_shops, shop_coins
Vaults:4: mu_enter_wizlab_1, vaults_mumra_chevron_long, v_misc_25, v_misc_26,
          nicolae_vaults_little_squares_2, v_rooms_6,
          nicolae_vaults_three_branches, v_misc_18, hangedman_vaults_trim,
          layout_vaults_omnibox, serial_shops, shop_coins, uniq_donald,
          uniq_mennas, uniq_margery

Skill      XL: |  1  2  3  4  5  6  7  8  9 10 11 12 13 14 15 16 17 18 19 20 21 |
---------------+----------------------------------------------------------------+-----
Fighting       | 3 4 6 8 11 15 18 20 | 20.0
Long Blades    | 3 4 5 6 |  6.0
Throwing       | 3 4 6 9 |  9.7
Maces & Flails | 1 3 6 9 12 14 15 17 19 20 21 22 | 22.0
Evocations     | 1 5 9 12 | 12.0
Dodging        | 4 8 11 | 11.0
Invocations    | 5 10 | 10.0
Armour         | 3 8 10 12 | 12.0

Action                   |  1- 3 |  4- 6 |  7- 9 | 10-12 | 13-15 | 16-18 | 19-21 || total
-------------------------+-------+-------+-------+-------+-------+-------+-------++-------
Melee: Long sword        |    78 |   169 |       |       |       |       |       ||   247
       Hand axe          |       |       |   294 |       |       |       |       ||   294
       Giant spiked club |       |       |    19 |   402 |   898 |  1048 |  1159 ||  3526
Throw: Dart              |    11 |    21 |    17 |     1 |     3 |       |       ||    53
       Throwing net      |       |     2 |     1 |       |       |     1 |       ||     4
       Large rock        |       |       |       |    39 |    50 |   109 |       ||   198
Invok: Ancestor Identity |       |       |     1 |     1 |       |       |       ||     2
       Recall Ancestor   |       |       |       |     1 |     6 |     6 |     2 ||    15
       Ancestor Life: He |       |       |       |     1 |       |       |       ||     1
       Idealise          |       |       |       |       |       |     1 |       ||     1
Evoke: Wand              |       |     3 |     4 |    12 |    25 |    12 |       ||    56
       Lightning rod     |       |       |       |       |    12 |     9 |       ||    21
       Phial of floods   |       |       |       |       |     1 |     3 |       ||     4
       Tin of tremorston |       |       |       |       |       |     6 |     1 ||     7
       Condenser vane    |       |       |       |       |       |       |     2 ||     2
       Box of beasts     |       |       |       |       |       |       |     1 ||     1
  Use: Scroll            |       |       |     8 |    25 |     7 |     9 |    11 ||    60
       Potion            |       |       |     3 |     6 |     2 |     8 |     6 ||    25
 Stab: Sleeping          |       |     2 |     1 |       |       |       |       ||     3
       Distracted        |       |       |     1 |     2 |    10 |    15 |     9 ||    37
       Invisible         |       |       |       |     1 |       |       |       ||     1
       Confused          |       |       |       |     3 |     8 |    12 |    32 ||    55
       Petrified         |       |       |       |       |     4 |       |       ||     4
       Paralysed         |       |       |       |       |     7 |    46 |    41 ||    94
Armor: Robe              |    29 |    70 |   104 |     2 |       |       |       ||   205
       Acid dragon scale |       |       |       |   128 |   132 |   204 |       ||   464
       Skin              |       |       |       |       |     4 |       |       ||     4
       Troll leather arm |       |       |       |       |    58 |    35 |       ||    93
       Swamp dragon scal |       |       |       |       |       |    78 |   278 ||   356
Dodge: Dodged            |    37 |   120 |   226 |   312 |   564 |   749 |   606 ||  2614
       Repelled          |       |       |       |       |    10 |    16 |     9 ||    35
Block: Other             |       |       |       |    42 |   149 |   240 |   200 ||   631
       Reflection        |       |       |       |     1 |     8 |     7 |    11 ||    27

Table legend: (Time is in decaauts)
 A = Elapsed time spent in this place.
 B = Non-inter-level travel time spent in this place.
 C = Inter-level travel time spent in this place.
 D = Time resting spent in this place.
 E = Time spent auto-exploring this place.
 F = Levels seen in this place.
 G = Mean time per level.
                   A        B        C        D        E       F      G
               +--------+--------+--------+--------+--------+-----+--------+
         Total |  63522 |  60892 |   2630 |  20263 |  27945 |  36 | 1764.5 |
       Dungeon |  25898 |  24690 |   1208 |   9364 |  10190 |  15 | 1726.5 |
          Lair |   9718 |   9152 |    566 |   2855 |   4324 |   6 | 1619.7 |
         Swamp |   5333 |   5168 |    165 |     24 |   4104 |   4 | 1333.2 |
   Spider Nest |  11721 |  11281 |    440 |   6066 |   3299 |   4 | 2930.2 |
  Orcish Mines |   2258 |   2147 |    111 |    512 |    993 |   2 | 1129.0 |
        Vaults |   8499 |   8360 |    139 |   1412 |   5033 |   4 | 2124.8 |
        Wizlab |     93 |     93 |      0 |     29 |      0 |   1 |   93.0 |
               +--------+--------+--------+--------+--------+-----+--------+

Top non-repeatable levels by time:
Spider:1: 5192 daAuts
     D:7: 3433 daAuts
Vaults:1: 2942 daAuts
Spider:3: 2861 daAuts
     D:4: 2586 daAuts
    D:14: 2378 daAuts
  Lair:4: 2315 daAuts
Spider:4: 2263 daAuts
Vaults:4: 2209 daAuts
     D:5: 2027 daAuts
     D:6: 1979 daAuts
     D:9: 1901 daAuts
    D:11: 1900 daAuts
  Lair:6: 1820 daAuts
 Swamp:3: 1786 daAuts
